 Dungeon Crawl Stone Soup version 0.19.1-1-g22dce08 (webtiles) character file.

30 Alarkh the Chopper (level 3, 27/27 HPs)
             Began as a Demonspawn Skald on Jan 4, 2017.
             Got out of the dungeon alive.
             The game lasted 00:01:07 (1299 turns).

Alarkh the Chopper (Demonspawn Skald)               Turns: 1299, Time: 00:01:07

Health: 27/27      AC:  3    Str: 12    XL:     3   Next: 3%
Magic:  6/6        EV:  8    Int: 14    God:
Gold:   81         SH:  7    Dex: 12    Spells: 1 memorised, 5 levels left

rFire  . . .     SeeInvis .     a - +0 hand axe
rCold  . . .     Gourm    .     b - +0 leather armour
rNeg   . . .     Faith    .     i - +1 shield {reflect}
rPois  .         Spirit   .     (helmet restricted)
rElec  .         Reflect  +     (no cloak)
rCorr  .         Harm     .     (no gloves)
MR     .....                    (no boots)
Stlth  +.........               (no amulet)
                                (no ring)
                                (no ring)

@: no status effects
A: horns 1, powered by pain 1
a: no special abilities


You escaped.
You were not hungry.

You visited 1 branch of the dungeon, and saw 1 of its levels.

You collected 81 gold pieces.

Inventory:

Hand Weapons
 a - a +0 hand axe (weapon)
Armour
 b - a +0 leather armour (worn)
 i - a +1 shield of reflection (worn)
 m - a +0 helmet
Scrolls
 e - a scroll of blinking {unknown}
 g - a scroll of identify {unknown}
 k - a scroll of amnesia {unknown}
 l - a scroll of enchant weapon {unknown}
 n - a scroll of magic mapping {unknown}
Potions
 o - a potion of heal wounds {unknown}
Books
 c - a book of Battle

   Spells                             Type                      Level
   a - Infusion                       Charms                       1
   b - Shroud of Golubria             Charms/Translocation         2
   c - Song of Slaying                Charms                       2
   d - Spectral Weapon                Hexes/Charms                 3
   e - Regeneration                   Charms/Necromancy            3
Comestibles
 d - 2 bread rations
 f - 12 chunks of flesh
 h - a slice of pizza
 j - 3 fruits


   Skills:
 - Level 2.0 Fighting
 + Level 3.2 Axes
 - Level 0.8 Armour
 - Level 0.8 Dodging
 - Level 2.0 Spellcasting
 - Level 2.6 Charms


You had 5 spell levels left.
You knew the following spells:

 Your Spells              Type           Power        Failure   Level  Hunger
a - Infusion              Chrm           #...         77%         1    ##.....


Dungeon Overview and Level Annotations

Branches:
Dungeon (1/15)

Altars:


Innate Abilities, Weirdness & Mutations

You have a pair of small horns on your head.
You sometimes gain a little power by taking damage.


Message History

You open the door.
There is an open door here.
There is an open door here.
You see here a club.
You see here a stone.
You see here a stone.
Some of the chunks of flesh in your inventory have rotted away.
Some of the chunks of flesh in your inventory have rotted away.
There is an open door here.
You open the door.
There is an open door here.
Done exploring.
Done exploring.
Done exploring.
There is an open door here.
There is an open door here.
Some of the chunks of flesh in your inventory have rotted away.
There is a staircase leading out of the dungeon here.
Are you sure you want to leave the Dungeon?
This will make you lose the game!
You have escaped!

#.# #........... #.# ##########..
#.# ##### ### #.. #.#
##...#######.# ### #.#
#......≈≈≈≈#.# ### #.#
#.#....≈≈≈≈≈.# #..
####.#######.#.(...≈≈≈≈.# #.#
....................≈≈≈.# #.#
####.######.....@....≈≈.#######..
##...## #.........≈≈≈.#.......#
#.....# #.##......≈≈≈.#.#####..
##...## #.##......≈≈≈.#.#####.#
##.## #.###≈≈≈.≈≈≈#....).##.# #.#
#...#≈≈≈≈≈≈≈#......##.. #.#
#############......#### ##'## #.#
#......# ##...## #.# ##.....#


There were no monsters in sight!

Vanquished Creatures
  An ooze (D:1)
  3 goblins (D:1)
  4 hobgoblins (D:1)
  4 jackals (D:1)
  3 bats (D:1)
  2 frilled lizards (D:1)
  3 kobolds (D:1)
  5 rats (D:1)
25 creatures vanquished.

Notes
Turn   | Place    | Note
-------+----------+-------------------------------------------
     0 | D:1      | Alarkh the Demonspawn Skald began the quest for the Orb.
     0 | D:1      | Reached XP level 1. HP: 16/16 MP: 3/3
   329 | D:1      | Reached skill level 2 in Axes
   567 | D:1      | Gained mutation: You have a pair of small horns on your head. [demonic ancestry]
   567 | D:1      | Reached XP level 2. HP: 21/22 MP: 5/5
   920 | D:1      | Reached skill level 3 in Axes
  1158 | D:1      | Gained mutation: You sometimes gain a little power by taking damage. [demonic ancestry]
  1158 | D:1      | Reached XP level 3. HP: 18/27 MP: 6/6
  1299 | D:$      | Got out of the dungeon alive.

Skill      XL: |  1  2 |
---------------+-------+-----
Axes           | 2 3 |  3.2
Fighting       | |  2.0
Armour         | |  0.8
Dodging        | |  0.8
Spellcasting   | |  2.0
Charms         | |  2.6

Action                   || total
-------------------------++-------
Melee: Hand axe          ||    62
       Headbutt          ||     8
 Cast: Infusion          ||     1
  Eat: Chunk             ||     1
Armor: Leather armour    ||    21
Dodge: Dodged            ||    28
Block: Shield            ||    31
       Reflection        ||     1
